 Dungeon Crawl Stone Soup version 0.21-a0-143-g1ab7d47 (webtiles) character file.

35 Kurtz the Chiller (level 3, -5/19 HPs)
             Began as a Kobold Ice Elementalist on July 25, 2017.
             Killed from afar by Robin (8 damage)
             ... with a wand of flame (?/48)
             ... on level 2 of the Dungeon.
             The game lasted 00:01:42 (1537 turns).

Kurtz the Chiller (Kobold Ice Elementalist)         Turns: 1537, Time: 00:01:43

Health: -5/19      AC:  2    Str:  5    XL:     3   Next: 52%
Magic:  4/6        EV: 15    Int: 17    God:
Gold:   66         SH:  0    Dex: 15    Spells: 6/7 levels left

rFire    . . .     SeeInvis .   j - +1 short sword (venom)
rCold    . . .     Gourm    .   (shield restricted)
rNeg     . . .     Faith    .   a - +0 robe
rPois    .         Spirit   .   (no helmet)
rElec    .         Reflect  .   (no cloak)
rCorr    .         Harm     .   (no gloves)
MR       .....                  (no boots)
Stlth    ++........             (no amulet)
HPRegen  0.06/turn              (no ring)
MPRegen  0.10/turn              (no ring)

@: no status effects
A: carnivore 3
a: no special abilities


You were on level 2 of the Dungeon.
You were not hungry.

You visited 1 branch of the dungeon, and saw 2 of its levels.

You collected 66 gold pieces.

Inventory:

Hand Weapons
 e - a +0 whip
 i - a +0 short sword
 j - a +1 short sword of venom (weapon)
Armour
 a - a +0 robe (worn)
Scrolls
 f - a scroll of immolation {unknown}
 h - a scroll of identify {unknown}
 k - a scroll of magic mapping {unknown}
Potions
 d - a potion of agility {unknown}
 g - a potion of might {unknown}
Books
 b - a book of Frost

   Spells                             Type                      Level
   a - Freeze                         Ice                          1
   b - Throw Frost                    Conjuration/Ice              2
   c - Ozocubu's Armour               Charms/Ice                   3
   d - Throw Icicle                   Conjuration/Ice              4
   e - Summon Ice Beast               Ice/Summoning                4
Comestibles
 c - 2 meat rations


   Skills:
 * Level 1.1 Short Blades
 - Level 2.4 Dodging
 - Level 2.6 Stealth
 * Level 2.5 Spellcasting
   Level 1.0 Conjurations
 * Level 3.9 Ice Magic


You had 6 spell levels left.
You knew the following spells:

 Your Spells              Type           Power        Failure   Level  Hunger
a - Freeze                Ice            ###.         3%          1    #......


Dungeon Overview and Level Annotations

Branches:
Dungeon (2/15)

Altars:

Annotations:
D:2 Robin


Innate Abilities, Weirdness & Mutations

You are small and have problems with some larger weapons.
You are carnivorous and can eat meat at any time.


Message History

Robin says, "My goblins will feast on your bones."
Robin hits you with a trident.
Casting: Freeze
Confirm with . or Enter, or press ? or * to list all spells.
Aiming: Freeze
Press: ? - help, Shift-Dir - straight line, f - Robin
Aim: Robin, wielding a trident, wearing an animal skin, wearing a helmet and carrying a wand of flame (?/48) {zapped: 1} (moderately wounded)
You freeze Robin.
Robin is severely wounded.
Robin hits you with a trident.
* * * LOW HITPOINT WARNING * * *
Casting: Freeze
Confirm with . or Enter, or press ? or * to list all spells.
Aiming: Freeze
Press: ? - help, Shift-Dir - straight line, f/p - Robin
Aim: Robin, wielding a trident, wearing an animal skin, wearing a helmet and carrying a wand of flame (?/48) {zapped: 1} (severely wounded)
You freeze Robin.
Robin is almost dead.
Robin zaps a wand.
The puff of flame hits you!
You die...

#.#########.# ##.#
#.##.(....... ...#
#........#..# #..#
#.##.####.#.# #..#
#.##.## #.#.# #..#
#.#...# #.#.# #..#
#.....###.#.###..#.#
#######............<..#
........@.<.....###..##
#######g#####.### #.##
#)# #.# #.. #(# #.#
#.#. #.# #.# #.##. ##.#
#.# #.# .# #..# #.# #..
# #รท## #.# #.# #.#


You could see Robin.

Vanquished Creatures
  An ooze (D:2)
  3 giant cockroaches (D:1)
  3 goblins
  8 hobgoblins
  3 bats (D:1)
  A frilled lizard (D:1)
  4 kobolds
  3 rats
26 creatures vanquished.

Notes
Turn   | Place    | Note
-------+----------+-------------------------------------------
     0 | D:1      | Kurtz the Kobold Ice Elementalist began the quest for the Orb.
     0 | D:1      | Reached XP level 1. HP: 10/10 MP: 3/3
   601 | D:1      | Reached XP level 2. HP: 9/15 MP: 5/5
   926 | D:1      | Reached skill level 1 in Short Blades
  1033 | D:1      | Reached XP level 3. HP: 19/19 MP: 6/6
  1086 | D:2      | Noticed Robin
  1537 | D:2      | Killed from afar by Robin

Vault maps used:
D:1:      sevenhm_arrival_forest_fort_small_6, minmay_misc_feat_more_columns
D:2:      brannock_xom_greatest_gift, hangedman_abyss_or_decor_stabs,
          minmay_misc_feat_tower, roderic_lattice_a, uniq_robin

Skill      XL: |  1  2 |
---------------+-------+-----
Short Blades   | 1 |  1.1
Dodging        | |  2.4
Stealth        | |  2.6
Spellcasting   | |  2.5
Conjurations   | |  1.0
Ice Magic      | |  3.9

Action                   || total
-------------------------++-------
Melee: Whip              ||    11
       Unarmed           ||    10
       Short sword       ||    32
 Cast: Freeze            ||    10
 Stab: Sleeping          ||     4
  Eat: Chunk             ||     2
Armor: Robe              ||     5
Dodge: Dodged            ||    45
